 Dungeon Crawl Stone Soup version 0.31-a0-222-gefeffbb62a (webtiles) character file.

Game seed: 3581741715234022071

1403939 Midn8 the Acrobat (level 24, 126/126 HPs)
             Began as a Felid Reaver on July 5, 2023.
             Was the Champion of Vehumet.
             Escaped with the Orb
             ... and 3 runes on July 6, 2023!
             The game lasted 06:34:39 (91615 turns).

Midn8 the Acrobat (Felid Reaver)                   Turns: 91615, Time: 06:34:39

Health: 126/126    AC:  3    Str:  5    XL:     24   Next: 39%
Magic:  26/44      EV: 40    Int: 33    God:    Vehumet [******]
Gold:   2103       SH:  0    Dex: 21    Spells: 10/55 levels left
                                        Lives:  2   Deaths: 5

rFire   + .          .
                       - Unarmed
rCold   + + +        (shield unavailable)
rNeg    + . .        (body armour unavailable)
rPois   .            (helmet unavailable)
rElec   .            (cloak unavailable)
rCorr   .            (gloves unavailable)
SInv    +            (boots unavailable)
Will    +++..        L - macabre finger necklace {Finger+ rN+}
Stlth   ++           J - ring "Zucaoll" {rF+ rC+ Str-3 Int+2}
HPRegen 0.41/turn    X - +6 ring of intelligence
MPRegen 0.29/turn    T - +6 ring of dexterity

%: clarity
@: studying 2 skills, quick
A: very small, claws 1, fangs 3, see invisible, speed 1, shaggy fur 3, stealthy
paws, no weapons or thrown items, no armour, multi-lived, horns 1, clarity, cold
resistance 1, screaming 1
0: Orb of Zot
}: 3/15 runes: serpentine, barnacled, slimy
a: Renounce Religion


You escaped.
You worshipped Vehumet.
Vehumet was exalted by your worship.
You visited 11 branches of the dungeon, and saw 52 of its levels.
You also visited: Trove, Ossuary and Wizlab.

You collected 5625 gold pieces.
You spent 3522 gold pieces at shops.

Inventory:

Hand Weapons
 G - the +9 sword of Zonguldrok {reap}
   (You found it in a wizard's laboratory)
Jewellery
 a - the amulet "Fuwaniar" {Acrobat -Cast Fly rCorr Dex-5}
   (You found it in a treasure trove)

   [amulet of the acrobat]

   It increases your evasion while moving and waiting.
   Dex:       It affects your dexterity (-5).
   Fly:       It grants you flight.
   -Cast:     It prevents spellcasting.
   rCorr:     It protects you from acid and corrosion.
 g - the amulet "Liarofeu" {Acrobat Str+3}
   (You found it in a treasure trove)

   [amulet of the acrobat]

   It increases your evasion while moving and waiting.
   Str:       It affects your strength (+3).
 q - the ring "Neogog" {Fire Stlth+}
   (You found it in a treasure trove)

   [ring of fire]

   It enhances your fire magic.
   rF:        It protects you from fire.
   rC:        It makes you vulnerable to cold.
   Stlth:     It makes you more stealthy.
 y - a ring of willpower
 C - the ring of Omuss {rPois rF+ Will+ rCorr Int-2}
   (You found it in a treasure trove)

   [ring of protection from fire]

   Int:       It affects your intelligence (-2).
   rF:        It protects you from fire.
   rPois:     It protects you from poison.
   rCorr:     It protects you from acid and corrosion.
   Will:      It increases your willpower.
 H - a ring of protection from fire
 J - the ring "Zucaoll" (left paw) {rF+ rC+ Str-3 Int+2}
   (You found it in a treasure trove)

   [ring of protection from cold]

   Str:       It affects your strength (-3).
   Int:       It affects your intelligence (+2).
   rF:        It protects you from fire.
   rC:        It protects you from cold.
 L - the macabre finger necklace (around neck) {Finger+ rN+}
   (You found it on level 3 of the Shoals)

   [amulet of nothing]

   Finger+:   It enables you to equip an extra ring.
   rN:        It protects you from negative energy.
 O - the amulet "Xohabuam" {rF+ Regen+}
   (You found it on level 4 of the Shoals)

   [amulet of regeneration]

   rF:        It protects you from fire.
   Regen:     It increases your rate of health regeneration.
 T - a +6 ring of dexterity (on amulet)
 X - a +6 ring of intelligence (right paw)
 Y - the ring of the Princeling {Wiz rC+}
   (You found it on level 3 of the Crypt)

   [ring of wizardry]

   It improves your spell success rate.
   rC:        It protects you from cold.
 Z - the ring "Esekh" {rN+ rCorr Str+3}
   (You bought it in a shop on level 1 of the Depths)

   [ring of positive energy]

   Str:       It affects your strength (+3).
   rN:        It protects you from negative energy.
   rCorr:     It protects you from acid and corrosion.
Wands
 d - a wand of mindburst (8)
 l - a wand of charming (53)
 n - a wand of digging (22)
 A - a wand of flame (73) (quivered)
 D - a wand of polymorph (52)
 F - a wand of roots (22)
 S - a wand of quicksilver (7)
Scrolls
 b - 2 scrolls of fear
 h - 44 scrolls of identify
 o - 17 scrolls of teleportation
 p - 4 scrolls of blinking
 s - 5 scrolls of amnesia
 u - 6 scrolls of fog
 x - 7 scrolls of poison
 U - a scroll of acquirement
Potions
 c - 5 potions of heal wounds
 e - 8 potions of enlightenment
 f - 8 potions of attraction
 i - 8 potions of might
 j - 27 potions of curing
 k - 3 potions of mutation
 m - 11 potions of lignification
 r - 11 potions of brilliance
 t - 9 potions of haste
 v - a potion of cancellation
 z - 4 potions of invisibility
 B - 3 potions of berserk rage
 M - a potion of ambrosia
 Q - a potion of resistance
 V - 2 potions of magic
Miscellaneous
 w - a piece from Xom's chessboard (15/15)
 E - a box of beasts
 I - a tin of tremorstones (2/2)
 R - a lightning rod (4/4)


   Skills:
 - Level 22.0 Fighting
 + Level 24.1 Dodging
 - Level 7.0 Stealth
 - Level 15.0 Unarmed Combat
 - Level 16.0 Spellcasting
 - Level 18.0 Conjurations
 - Level 5.0 Summonings
 - Level 7.0 Translocations
 - Level 11.0 Transmutations
 - Level 7.0 Ice Magic
 - Level 5.0 Air Magic
 - Level 16.0 Earth Magic
 - Level 12.0 Evocations


You had 10 spell levels left.
You knew the following spells:

 Your Spells              Type           Power      Damage    Failure   Level
a - Beastly Appendage     Tmut           100%       N/A       0%          1
b - Orb of Destruction    Conj           49%        9d13      1%          7
c - Lehudib's Crystal Sp  Conj/Erth      47%        10d11     2%          8
d - Freezing Cloud        Conj/Ice/Air   37%        6-21      1%          5
e - Irradiate             Conj/Tmut      44%        3d26      1%          5
r - Frozen Ramparts       Ice            100%       1d16      1%          3
s - Spellforged Servitor  Conj/Summ      40%        N/A       3%          7
z - Statue Form           Tmut/Erth      57%        N/A       1%          6
B - Blink                 Tloc           100%       N/A       1%          2
P - Apportation           Tloc           100%       N/A       1%          1

Your spell library contained the following spells:

 Spells                   Type           Power      Damage    Failure   Level
 Maxwell's Capacitive Co  Air            28%        ∞         95%         8
 Fire Storm               Conj/Fire      36%        8d9       100%        9
 Magic Dart               Conj           100%       1d8       0%          1
 Shock                    Conj/Air       100%       1d9       0%          1
 Momentum Strike          Conj/Tloc      100%       3d10      0%          2
 Passwall                 Tmut/Erth      71%        N/A       0%          2
 Foxfire                  Conj/Fire      100%       2x1d9     1%          1
 Freeze                   Ice            100%       1d10      1%          1
 Kiss of Death            Conj/Necr      100%       2d13      1%          1
 Sting                    Tmut/Pois      100%       1d8       1%          1
 Call Imp                 Summ           100%       N/A       1%          2
 Cigotuvi's Dreadful Rot  Necr/Pois/Air  74%        N/A       1%          2
 Ensorcelled Hibernation  Hex/Ice        98%        N/A       1%          2
 Lesser Beckoning         Tloc           100%       N/A       1%          2
 Poisonous Vapours        Pois/Air       84%        N/A       1%          2
 Wereblood                Tmut           78%        N/A       1%          2
 Call Canine Familiar     Summ           56%        N/A       1%          3
 Dazzling Flash           Conj/Hex       100%       N/A       1%          3
 Gell's Gravitas          Tloc           64%        N/A       1%          3
 Hailstorm                Conj/Ice       83%        3d17      1%          3
 Ignite Poison            Fire/Tmut/Pois 50%        N/A       1%          3
 Inner Flame              Hex/Fire       26%        N/A       1%          3
 Mephitic Cloud           Conj/Pois/Air  67%        N/A       1%          3
 Ozocubu's Armour         Ice            64%        N/A       1%          3
 Spider Form              Tmut/Pois      58%        N/A       1%          3
 Summon Guardian Golem    Hex/Summ       42%        N/A       1%          3
 Swiftness                Air            56%        N/A       1%          3
 Teleport Other           Tloc           64%        N/A       1%          3
 Vhi's Electric Charge    Tloc/Air       100%       N/A       1%          3
 Volatile Blastmotes      Fire/Tloc      98%        2d18      1%          3
 Flame Wave               Conj/Fire      72%        2d16      1%          4
 Ice Form                 Ice/Tmut       72%        N/A       1%          4
 Iskenderun's Mystic Bla  Conj/Tloc      83%        2d16      1%          4
 Leda's Liquefaction      Hex/Erth       34%        N/A       1%          4
 Passage of Golubria      Tloc           64%        N/A       1%          4
 Petrify                  Tmut/Erth      86%        N/A       1%          4
 Sticky Flame             Conj/Fire      72%        2d9       1%          4
 Summon Ice Beast         Ice/Summ       60%        N/A       1%          4
 Summon Lightning Spire   Summ/Air       56%        N/A       1%          4
 Arcjolt                  Conj/Air       40%        1d50      1%          5
 Blade Hands              Tmut           39%        N/A       1%          5
 Borgnjor's Vile Clutch   Necr/Erth      34%        N/A       1%          5
 Iskenderun's Battlesphe  Conj           98%        2d14      1%          5
 Lee's Rapid Deconstruct  Erth           46%        3d22*     1%          5
 Yara's Violent Unravell  Hex/Tmut       29%        3d12      1%          5
 Leda's Unmaking          Conj/Erth      47%        9d8       1%          6
 Starburst                Conj/Fire      36%        6d11      1%          6
 Sublimation of Blood     Necr           26%        N/A       2%          2
 Summon Forest            Summ/Tloc      30%        N/A       3%          5
 Tukima's Dance           Hex            26%        N/A       4%          3
 Vampiric Draining        Necr           26%        2d7       4%          3
 Olgreb's Toxic Radiance  Pois           26%        N/A       4%          4
 Alistair's Intoxication  Tmut/Pois      38%        N/A       4%          5
 Eringya's Noxious Bog    Tmut/Pois      29%        N/A       7%          6
 Dispersal                Tloc           32%        N/A       13%         6
 Dragon Form              Tmut           39%        N/A       14%         7
 Animate Dead             Necr           26%        N/A       16%         4
 Summon Mana Viper        Hex/Summ       42%        N/A       16%         5
 Ozocubu's Refrigeration  Ice            32%        4d14      19%         7
 Plasma Beam              Fire/Air       21%        2x1d33    21%         6
 Storm Form               Tmut/Air       34%        N/A       43%         7
 Simulacrum               Ice/Necr       24%        N/A       50%         6
 Monstrous Menagerie      Summ           28%        N/A       86%         7
 Summon Hydra             Summ           28%        N/A       86%         7
 Death Channel            Necr           13%        N/A       93%         6
 Haunt                    Necr/Summ      21%        N/A       99%         7
 Disjunction              Tloc           32%        N/A       99%         8
 Ignition                 Fire           13%        3d6       100%        8
 Infestation              Necr           13%        N/A       100%        8
 Necromutation            Tmut/Necr      29%        N/A       100%        8
 Dragon's Call            Summ           28%        N/A       100%        9
 Portal Projectile        Hex/Tloc       Unusable   N/A       N/A         3
 Animate Armour           Summ/Erth      Unusable   N/A       N/A         4

Dungeon Overview and Level Annotations

Branches:
Dungeon (15/15)            Temple (0/1) D:6            Lair (5/5) D:10
 Shoals (4/4) Lair:2        Snake (4/4) Lair:3        Slime (5/5) Lair:4
    Orc (2/2) D:12            Elf (1/3) Orc:2        Vaults (4/5) D:14
  Crypt (3/3) Vaults:2       Tomb (0/3) Crypt:3      Depths (4/4) D:15
    Zot (5/5) Depths:4    Ossuary (visited)          WizLab (visited)

Altars:
Ashenzari
Cheibriados
Fedhas
Gozag
Kikubaaqudgha
Nemelex Xobeh
Qazlal
Trog
Uskayaw
Vehumet
Xom
Yredelemnul
Lugonu

Shops:
D:2 =[(   D:3 ?   D:12 !   Orc:2 ([*=   Snake:3 ?   Snake:4 :   Depths:1 =:=
Depths:2 =   Depths:3 [   Depths:4 [

Portals:
Hell: Depths:1 Depths:2 Depths:3 Depths:4
Abyss: Depths:1* Depths:2 Depths:3 Depths:4
Pandemonium: Depths:1 Depths:2
Ziggurat: Depths:3

Annotations:
Lair:1 1 runed translucent door
Lair:3 exclusion: oklob plant
Shoals:1 Nikola
Shoals:2 2 transporters, Onluw's ghost, adept DsWn
Snake:4 6 exclusions
Vaults:3 1 exclusion
Crypt:3 1 exclusion
Zot:5 1 exclusion


Innate Abilities, Weirdness & Mutations

You have sharp claws.
You have razor-sharp teeth.
You have supernaturally acute eyesight. (SInv)
You cover ground quickly. (Speed+)
Your thick and shaggy fur keeps you warm. (AC +3, rC+)
Your paws help you pounce on unaware monsters.
You are incapable of wielding weapons or throwing items.
You cannot wear armour.
You gain extra lives every three experience levels.
You have a pair of small horns on your head.
You possess an exceptional clarity of mind.
Your flesh is cold resistant. (rC+)
You occasionally shout uncontrollably at your foes.


Message History

The demonic crawler misses you.
Your spellforged servitor casts a spell at the Orb Guardian.
The crystal spear hits the Orb Guardian!!!
The Orb Guardian hits your spellforged servitor!!
Your spellforged servitor points at the Orb Guardian and mumbles some strange words.
The crystal spear hits the Orb Guardian!!!!
The Orb Guardian dies!
Vehumet accepts your kill.
Casting: Spellforged Servitor (dangerous; 3% risk of failure)
Confirm with . or Enter, or press ? or * to list all spells.
Aiming: Lehudib's Crystal Spear (dangerous; 2% risk of failure)
Press: ? - help, Shift-Dir - straight line, f - demonic crawler
Aim: a demonic crawler (91% to hit)
The crystal spear hits the demonic crawler!!!
The demonic crawler is almost dead.
Unknown command.
Casting: Lehudib's Crystal Spear (dangerous; 2% risk of failure)
Confirm with . or Enter, or press ? or * to list all spells.
Aiming: Lehudib's Crystal Spear (dangerous; 2% risk of failure)
Press: ? - help, Shift-Dir - straight line, f/p - demonic crawler
Aim: a demonic crawler (almost dead, ally target, 91% to hit)
The crystal spear hits the demonic crawler!!!!
You kill the demonic crawler!
Vehumet accepts your kill.
You feel your power returning.
(D) Dungeon (T) Temple (L) Lair (A) Shoals (P) Snake Pit (M) Slime Pits (O) Orcish Mines (E) Elven Halls (V) Vaults (C) Crypt (W) Tomb (U) Depths (H) Hell (Z) Zot
Where to? (Enter - D:1 @ (x,y), ? - help)
There is a stone staircase leading up here.
You climb upwards.
There is a stone staircase leading down here.
A demonspawn black sun and a soul eater come into view.
The demonspawn black sun moves out of view.
Blink to where?
Press: ? - help, Dir - move target
As you read the scroll of blinking, it crumbles to dust.
There is a staircase leading out of the dungeon here.
You have escaped!

#....'..................###.####
#....#...#############..........
#....#..##≈≈~.#.##~≈≈##.###.###.
##....#..#≈≈~.......#≈##.....###.
#'....+..#≈~........#######...##.
##....#.§#≈..........#~## ###..#.
#....'..~.....~~~.....~# ##...
#....#.......≈...~.....## ##..
#....#.......~.@.≈......######..
##3..........~...~..............
###.6.#..~.....~~~.....~##.#####.
.........####.........####.# #.
.##......#≈≈.........~~# #.# ##
......#..#≈~≈.......~≈## #.#
.###..##.#≈#~≈#.#..≈~#≈# #.# .#
#..##..################.# .#
#.......................######


There were no monsters in sight!

Vanquished Creatures
  the Royal Jelly (Slime:5)
  2 dread liches (Zot:5)
  An orb of fire (Zot:5)
  Sojobo (Crypt:1)
  2 Killer Klowns (Zot:5)
  Saint Roka (Vaults:2)
  A shard shrike (Zot:3)
  A caustic shrike (Depths:2)
  2 golden dragons
  2 bone dragons
  2 electric golems (Zot:1)
  2 doom hounds (Depths:4)
  6 tentacled monstrosities
  A walking crystal tome (Depths:2)
  A lich (Depths:3)
  13 Orb Guardians
  A walking earthen tome (Depths:2)
  Mlioglotl (Shoals:1)
  Grunn (Depths:4)
  A walking frostbound tome (Depths:3)
  A quicksilver dragon (Zot:4)
  A titan (Depths:3)
  11 acid blobs
  6 ancient champions
  3 sphinxes
  6 death cobs
  2 tengu reavers
  Agnes (D:15)
  A draconian monk (Zot:5)
  Donald (Orc:2)
  9 storm dragons
  Kirke (Snake:4)
  8 rockslimes
  4 fire giants
  5 azure jellies (Slime:5)
  4 revenants
  A draconian knight (Zot:5)
  3 frost giants (Depths:2)
  Aizul (Shoals:3)
  11 vault wardens
  8 nagarajas (Snake:4)
  Louise (Snake:2)
  A balrug (Zot:3)
  A draconian scorcher (Zot:1)
  A curse skull (Crypt:1)
  A ghost moth (Zot:4)
  6 orc warlords
  A draconian shifter (Depths:4)
  16 ironbound preservers
  4 spriggan defenders
  11 stone giants
  2 cacodemons
  4 ghouls
  7 quicksilver oozes
  A draconian annihilator (Zot:5)
  2 war gargoyles
  A reaper (Depths:4)
  2 formless jellyfish
  21 very ugly things
  9 ironbound thunderhulks
  A white draconian (Zot:3)
  6 vampire knights
  Nessos (D:15)
  A green draconian (Zot:3)
  Azrael (D:12)
  8 yellow draconians
  A dire elephant (shapeshifter) (Depths:3)
  6 black draconians
  A deep elf annihilator (Vaults:2)
  2 dire elephants
  A green death (D:3)
  A quicksilver dragon zombie (Crypt:2)
  6 red draconians
  6 ettins
  2 eidola
  An acid blob zombie (Crypt:3)
  5 fire dragons
  2 merfolk javelineers (Shoals:4)
  6 merfolk impalers
  Josephine (Shoals:1)
  2 jiangshi
  10 yaktaur captains
  6 great orbs of eyes
  A great orb of eyes (shapeshifter) (Depths:1)
  A deep elf high priest (Vaults:2)
  A peacekeeper (Vaults:3)
  6 ice dragons
  A rakshasa (Depths:2)
  16 vault guards
  6 hydras
  4 salamander tyrants
  13 ironbound frosthearts
  17 anacondas
  7 centaur warriors
  6 spriggan air magi
  A hell beast (Depths:1)
  A bennu zombie (Crypt:2)
  A catoblepas (Lair:5)
  2 spriggan skeletons
  2 merfolk aquamancers
  3 merfolk avatars
  4 alligator snapping turtles
  4 boulder beetles
  4 satyrs
  6 death yaks (Lair:5)
  2 two-headed ogres (Orc:2)
  Erica (D:8)
  4 deep troll shamans
  A hell hog (Depths:1)
  A demonic crawler (D:2)
  6 deep troll earth magi
  18 naga warriors
  3 dancing weapons (Elf:1)
  3 tengu warriors
  8 vampire magi
  2 spriggan berserkers
  5 orc high priests (Orc:2)
  A deep elf knight (Orc:2)
  9 hell knights
  11 naga sharpshooters
  10 shock serpents
  A fire crab (Lair:4)
  12 skysharks
  2 soul eaters
  4 shadow wraiths
  A sixfirhy (Depths:4)
  A bunyip zombie (Crypt:3)
  A salamander mystic (Snake:4)
  9 skeletal warriors
  56 deep trolls
  16 sea snakes
  A quicksilver dragon simulacrum (Depths:1)
  6 iron trolls
  An iron giant zombie (Crypt:2)
  A flayed ghost (Crypt:2)
  A sea snake (shapeshifter) (D:15)
  3 phantasmal warriors
  10 naga ritualists
  A shadow demon (Zot:5)
  23 ironbound convokers
  12 orc knights
  31 ugly things
  12 deep elf pyromancers
  9 lindwurms
  10 wizards
  An oklob plant (Shoals:3)
  7 deep elf zephyrmancers (Elf:1)
  8 necromancers
  2 shining eyes
  8 orc sorcerers
  2 shadow dragon skeletons
  9 mana vipers
  An iron dragon zombie (Crypt:3)
  21 harpies
  26 fauns
  15 manticores
  A toenail golem (Depths:1)
  An elephant (shapeshifter) (Vaults:4)
  16 elephants
  7 merfolk sirens
  7 moths of wrath
  13 guardian serpents
  2 smoke demons
  10 cyclopes
  An elf zombie (Vaults:4)
  14 salamanders
  43 black mambas
  A stone giant skeleton (Vaults:4)
  A torpor snail (Lair:5)
  A titan simulacrum (Vaults:4)
  18 naga magi
  13 vault sentinels
  12 cane toads
  4 unseen horrors
  5 water nymphs
  A water nymph (shapeshifter) (Depths:4)
  An orange demon (Depths:2)
  6 rime drakes
  23 yaktaurs
  A kobold demonologist (D:12)
  A hellion (Depths:1)
  11 swamp worm zombies (Crypt:2)
  A green draconian skeleton (Crypt:1)
  14 komodo dragons
  A steelbarb worm zombie (Crypt:3)
  A yaktaur (shapeshifter) (D:13)
  2 ice devils
  A tormentor (Depths:1)
  2 efreet (D:15)
  A hellwing (Depths:2)
  A guardian mummy (Crypt:3)
  A red devil (Depths:3)
  7 trolls
  28 merfolk
  2 nameless horrors
  4 hornets
  A polar bear (Lair:1)
  19 blink frogs
  7 wind drakes
  2 dream sheep (Shoals:3)
  A centaur simulacrum (D:15)
  An ettin zombie (Depths:1)
  9 snapping turtles
  5 flying skulls
  A shadow (D:8)
  A vampire (WizLab)
  9 wraiths
  5 wyverns
  60 slime creatures
  A ynoxinul (D:2)
  5 basilisks
  10 water elementals
  3 spriggans
  4 fire elementals
  3 hogs (Snake:4)
  17 golden eyes
  A steam dragon (D:8)
  42 yaks
  A yaktaur simulacrum (Vaults:4)
  5 vampire mosquitoes
  2 neqoxecs
  A chaos spawn (Depths:2)
  5 wargs
  An acid dragon (D:10)
  31 nagas
  A floating eye (Depths:4)
  2 hell hounds (D:12)
  16 water moccasins
  A sky beast (shapeshifter) (Depths:3)
  4 black bears
  5 ice beasts
  36 orc warriors
  8 ogres
  An ettin simulacrum (Crypt:3)
  12 wolves
  A torpor snail zombie (Crypt:1)
  5 centaurs
  3 phantoms
  2 kobold brigands
  12 bullfrogs
  2 necrophages
  4 scorpions
  An earth elemental (Elf:1)
  12 wights
  5 troll zombies (WizLab)
  6 killer bees (D:10)
  A raiju skeleton (Crypt:1)
  2 electric eels
  8 howler monkeys
  A jelly (D:5)
  4 hounds
  29 orc priests
  A gnoll bouda (D:8)
  2 sleepcaps (D:6)
  4 iguanas
  A black bear skeleton (Crypt:1)
  25 orc wizards
  3 ogre zombies (WizLab)
  2 mummies
  7 adders
  3 gnolls (Orc:2)
  2 shadow imps
  4 white imps
  An ufetubus (D:6)
  An adder skeleton (Crypt:1)
  5 dart slugs
  97 orcs
  4 bats
  4 endoplasms
  5 giant cockroaches
  4 goblins
  7 hobgoblins
  7 jackals (D:4)
  2 quokkas (D:4)
  11 ball pythons
  A dart slug zombie (Crypt:1)
  A frilled lizard (D:1)
  A giant cockroach zombie (Crypt:3)
  6 gnoll skeletons (Ossuary)
  11 kobolds
  10 kobold skeletons (Ossuary)
  9 orc skeletons (Ossuary)
  7 rats
1781 creatures vanquished.

Vanquished Creatures (collateral kills)
  An ancient lich (WizLab)
  3 orbs of fire
  2 juggernauts
  Bai Suzhen (Crypt:2)
  7 Killer Klowns (Zot:5)
  3 golden dragons
  3 bone dragons
  A doom hound (Depths:4)
  An electric golem (Zot:5)
  5 tentacled monstrosities
  13 Orb Guardians
  A walking frostbound tome (Depths:3)
  A quicksilver dragon (Zot:3)
  7 acid blobs (Slime:5)
  An Executioner (D:3)
  4 sphinxes
  3 ancient champions
  5 storm dragons
  A death cob (Zot:5)
  3 tengu reavers
  2 draconian monks
  An azure jelly (Slime:5)
  3 fire giants
  A draconian knight (Zot:5)
  4 rockslimes (Slime:5)
  An iron dragon (Depths:1)
  4 frost giants
  A draconian shifter (Zot:4)
  4 ghouls
  A balrug (Depths:4)
  8 very ugly things
  2 spriggan defenders (Depths:2)
  A draconian annihilator (Zot:3)
  4 stone giants
  6 quicksilver oozes
  6 green draconians
  A vampire knight (Crypt:3)
  3 red draconians
  A purple draconian (Zot:5)
  4 white draconians
  An iron golem (Depths:3)
  A spark wasp (Depths:2)
  A blizzard demon (Depths:1)
  An eidolon (Crypt:3)
  3 yellow draconians
  2 deep elf death magi (Crypt:2)
  An ettin (Depths:2)
  A green death (Zot:3)
  5 jiangshi
  4 fire dragons
  A deep elf high priest (Depths:4)
  A spriggan zombie (Crypt:3)
  2 rakshasas (Depths:2)
  A yaktaur captain (Depths:4)
  6 ice dragons
  A great orb of eyes (Slime:5)
  A tengu warrior (Depths:1)
  A satyr (Shoals:4)
  3 deep troll shamans
  A vampire mage (Crypt:3)
  A deep troll earth mage (Depths:2)
  4 spriggan berserkers
  8 hell knights
  A sun demon (Zot:1)
  12 skeletal warriors
  4 iron trolls
  A fire crab (shapeshifter) (Depths:1)
  A storm dragon skeleton (Crypt:3)
  A glowing orange brain (Slime:5)
  3 flayed ghosts
  A phantasmal warrior (Crypt:2)
  A sphinx zombie (Depths:2)
  5 deep trolls
  A swamp dragon (shapeshifter) (Depths:3)
  A shadow dragon zombie (Depths:2)
  A necromancer (Depths:2)
  A frost giant zombie (Depths:1)
  A fire giant zombie (Depths:2)
  2 shining eyes
  2 elephants
  5 ugly things (Depths:2)
  9 moths of wrath
  5 rust devils
  A centaur zombie (Crypt:3)
  An orange demon (Depths:4)
  A dire elephant zombie (Crypt:3)
  A smoke demon (Zot:5)
  A hellion (Depths:2)
  An ice devil (Depths:1)
  A minotaur zombie (Crypt:2)
  3 red devils (Depths:2)
  3 swamp worm zombies (Crypt:2)
  3 guardian mummies (Crypt:3)
  A hellwing (Zot:5)
  A hornet (Depths:4)
  An ettin zombie (Crypt:3)
  A frost giant simulacrum (Depths:2)
  15 slime creatures
  5 flying skulls
  A black mamba zombie (Crypt:3)
  A wraith (Crypt:2)
  A wind drake zombie (Crypt:2)
  5 vampires
  A steam dragon (D:9)
  A neqoxec (D:3)
  A glowing shapeshifter zombie (Crypt:2)
  4 two-headed ogre zombies (WizLab)
  An acid dragon (D:10)
  A demonspawn skeleton (Crypt:2)
  A floating eye (shapeshifter) (Depths:2)
  A floating eye (Slime:5)
  An orc warrior (D:9)
  A two-headed ogre skeleton (Crypt:2)
  A swamp dragon zombie (Crypt:3)
  A centaur (D:8)
  A necrophage (Crypt:1)
  A naga simulacrum (Crypt:3)
  3 troll zombies (WizLab)
  A cyclops skeleton (Crypt:1)
  A wight (WizLab)
  4 ogre zombies (WizLab)
  An acid dragon zombie (Crypt:2)
  A swamp drake skeleton (Crypt:3)
  A shadow imp (D:8)
  An orc (D:8)
  A bat zombie (Crypt:3)
  A goblin zombie (Crypt:3)
  A quokka skeleton (Crypt:2)
  A rat skeleton (Crypt:3)
  A lurking horror (Depths:1)
316 creatures vanquished.

Vanquished Creatures (others)
  A very ugly thing (Zot:3)
  A two-headed ogre (D:9)
  A deep troll earth mage (Depths:2)
  A faun (Shoals:4)
  A black mamba (Lair:1)
  4 humans (Snake:4)
  A steam dragon (D:8)
  A hell hound (D:12)
11 creatures vanquished.

Grand Total: 2108 creatures vanquished

Notes
Turn   | Place    | Note
-------+----------+-------------------------------------------
     0 | D:1      | Midn8 the Felid Reaver began the quest for the Orb.
     0 | D:1      | Reached XP level 1. HP: 9/9 MP: 4/4
    39 | D:1      | Reached skill level 1 in Stealth
   211 | D:1      | Reached XP level 2. HP: 13/13 MP: 6/6
   214 | D:1      | Learned a level 2 spell: Momentum Strike
   474 | D:1      | Reached skill level 1 in Translocations
  1022 | D:2      | Reached XP level 3. HP: 16/16 MP: 2/7
  1154 | D:2      | Found Hutreut's Jewellery Boutique.
  1446 | D:2      | Found a faded altar of an unknown god.
  1551 | D:2      | Found Qagiecko's Antique Weapon Shop.
  1599 | D:2      | Learned a level 3 spell: Hailstorm
  1679 | D:2      | Found Ifuqot's Antique Armour Shoppe.
  1949 | D:3      | Found a broken altar of Ashenzari.
  1950 | D:3      | Found a blossoming altar of Fedhas.
  1952 | D:3      | Found a radiant altar of Vehumet.
  1965 | D:3      | Became a worshipper of Vehumet
  2273 | D:3      | Found Efolaabb's Magic Scroll Boutique.
  2280 | D:3      | Bought 3 scrolls of identify for 60 gold pieces
  2284 | D:3      | Bought a scroll of fear for 40 gold pieces
  2284 | D:3      | Bought a scroll of identify for 20 gold pieces
  2707 | D:4      | Reached XP level 4. HP: 18/20 MP: 6/8
  2975 | D:4      | Noticed a phantom
  3008 | D:4      | Killed a phantom
  3009 | D:4      | Reached skill level 3 in Dodging
  3009 | D:4      | Reached XP level 5. HP: 12/25 MP: 6/9
  3011 | D:4      | Found a sand-covered staircase.
  3076 | Ossuary  | Entered an ossuary
  3076 | Ossuary  | Noticed a wraith
  3076 | Ossuary  | Noticed a wraith
  3076 | Ossuary  | Noticed a wraith
  3200 | Ossuary  | Reached * piety under Vehumet
  3200 | Ossuary  | Offered knowledge of Freeze by Vehumet.
  3221 | Ossuary  | Learned a level 1 spell: Freeze
  3521 | Ossuary  | Reached skill level 1 in Ice Magic
  3757 | Ossuary  | Noticed a wraith
  4612 | D:5      | Entered Level 5 of the Dungeon
  4695 | D:5      | Noticed an ice beast
  4722 | D:5      | Killed an ice beast
  4723 | D:5      | Gained mutation: You are covered in thick fur. (AC +2)
                  | [Felid growth]
  4723 | D:5      | Reached XP level 6. HP: 15/28 MP: 7/10
  5153 | D:5      | Identified the +2 trident of Pupis {venom, Int+3}
  5209 | D:5      | Reached skill level 4 in Dodging
  5209 | D:5      | Reached XP level 7. HP: 30/32 MP: 8/11
  5217 | D:5      | Reached ** piety under Vehumet
  5217 | D:5      | Offered knowledge of Foxfire by Vehumet.
  6256 | D:6      | Found a staircase to the Ecumenical Temple.
  6353 | D:5      | Reached XP level 8. HP: 9/36 MP: 9/13
  6543 | D:6      | Reached skill level 5 in Conjurations
  6543 | D:6      | Reached skill level 5 in Ice Magic
  6810 | D:6      | Offered knowledge of Ignite Poison by Vehumet.
  7022 | D:6      | Reached skill level 5 in Fighting
  7586 | D:7      | Reached *** piety under Vehumet
  7587 | D:7      | Reached skill level 5 in Spellcasting
  7640 | D:7      | Reached XP level 9. HP: 41/41 MP: 17/17
  7719 | D:7      | Reached skill level 5 in Dodging
  7754 | D:7      | Reached skill level 6 in Dodging
  7984 | D:7      | Reached skill level 7 in Dodging
  7987 | D:7      | Reached skill level 1 in Evocations
  8057 | D:7      | Offered knowledge of Frozen Ramparts by Vehumet.
  8062 | D:7      | Learned a level 3 spell: Frozen Ramparts
  8110 | D:7      | Found a flagged portal.
  8116 | D:7      | You fall into a shaft and drop 3 floors!
  8116 | D:10     | Entered Level 10 of the Dungeon
  8304 | D:9      | Noticed a two-headed ogre
  9420 | D:8      | Reached **** piety under Vehumet
  9483 | D:8      | Reached skill level 5 in Unarmed Combat
  9490 | D:8      | Reached XP level 10. HP: 34/45 MP: 3/18
  9805 | D:8      | Found a stormy altar of Qazlal.
  9855 | D:8      | Noticed a cyclops
  9924 | D:8      | Offered knowledge of Inner Flame by Vehumet.
 10105 | D:8      | Noticed Erica
 10404 | D:8      | Paralysed by a hornet for 1 turns
 10421 | D:8      | Engulfed by a steam dragon's steam
 10422 | D:8      | Reached XP level 9. HP: -1/44 MP: 17/17
 11448 | D:10     | Reached XP level 10. HP: 47/49 MP: 5/18
 11973 | D:10     | Reached skill level 10 in Fighting
 12085 | D:10     | Upgraded the game from 0.31-a0-221-gbddc013574 to
                  | 0.31-a0-222-gefeffbb62a
 12357 | D:10     | Reached skill level 8 in Dodging
 12679 | D:10     | Found a staircase to the Lair.
 12713 | Lair:1   | Entered Level 1 of the Lair of Beasts
 12805 | D:10     | Reached skill level 9 in Dodging
 12941 | Lair:1   | Reached ***** piety under Vehumet
 13036 | Lair:1   | Noticed a four-headed hydra
 13040 | Lair:1   | Noticed a black mamba
 13056 | Lair:1   | Killed a four-headed hydra
 13057 | Lair:1   | Reached skill level 10 in Dodging
 13445 | Lair:1   | Noticed a cane toad
 13459 | Lair:1   | Killed a cane toad
 13657 | Lair:1   | Noticed a cane toad
 13663 | Lair:1   | Killed a cane toad
 13664 | Lair:1   | Reached XP level 11. HP: 54/54 MP: 10/19
 13862 | Lair:1   | Offered knowledge of Iskenderun's Mystic Blast by Vehumet.
 13863 | Lair:1   | Reached skill level 1 in Transmutations
 13880 | Lair:1   | Noticed a six-headed hydra
 13917 | Lair:1   | Learned a level 4 spell: Iskenderun's Mystic Blast
 13961 | Lair:1   | Killed a six-headed hydra
 14142 | Lair:1   | Learned a level 5 spell: Irradiate
 14167 | Lair:1   | Noticed a lindwurm
 14167 | Lair:1   | Noticed a catoblepas
 14182 | Lair:1   | Found a runed translucent door.
 14618 | Lair:2   | Reached skill level 5 in Transmutations
 15367 | Lair:2   | Reached skill level 5 in Evocations
 15494 | Lair:2   | Reached skill level 5 in Translocations
 15650 | Lair:2   | Noticed a seven-headed hydra
 15674 | Lair:2   | Killed a seven-headed hydra
 16164 | Lair:2   | Learned a level 1 spell: Beastly Appendage
 16855 | Lair:3   | Gained mutation: Your thick and shaggy fur keeps you warm.
                  | (AC +3, rC+) [Felid growth]
 16855 | Lair:3   | Reached XP level 12. HP: 55/58 MP: 12/22
 17370 | Lair:3   | Found a blossoming altar of Fedhas.
 17605 | Lair:3   | Found a staircase to the Snake Pit.
 17685 | Lair:3   | Reached skill level 11 in Dodging
 17848 | Lair:3   | Reached skill level 12 in Dodging
 19757 | Lair:4   | Noticed a five-headed hydra
 19773 | Lair:4   | Killed a five-headed hydra
 19892 | Lair:4   | Noticed a seven-headed hydra
 19932 | Lair:4   | Killed a seven-headed hydra
 20231 | Lair:4   | Reached XP level 13. HP: 64/64 MP: 18/24
 20805 | Lair:4   | Found a staircase to the Slime Pits.
 21215 | Lair:5   | Entered Level 5 of the Lair of Beasts
 21414 | Lair:5   | Reached skill level 13 in Dodging
 21857 | Lair:5   | Reached skill level 14 in Dodging
 22198 | Lair:5   | Reached skill level 15 in Dodging
 22482 | Lair:5   | Learned a level 5 spell: Freezing Cloud
 22598 | Lair:5   | Reached skill level 1 in Air Magic
 23231 | Lair:5   | Noticed a dire elephant
 23236 | Lair:5   | Reached skill level 5 in Air Magic
 23272 | Lair:5   | Killed a dire elephant
 23420 | Lair:5   | Reached XP level 14. HP: 69/69 MP: 15/26
 23696 | Lair:5   | Learned a level 2 spell: Blink
 24483 | D:11     | Identified the +2 flail "Jazoic" {venom, +Blink rCorr Str-3
                  | Dex+4}
 25239 | D:12     | Noticed Azrael
 25259 | D:12     | Killed from afar by Azrael
 25260 | D:12     | Reached XP level 13. HP: -4/64 MP: 12/26
 25271 | D:12     | Found a hide-covered altar of Uskayaw.
 25551 | D:12     | Offered knowledge of Fulminant Prism by Vehumet.
 25555 | D:12     | Found a staircase to the Orcish Mines.
 25819 | D:12     | Killed Azrael
 26535 | D:12     | Found Eruacae's Distillery.
 26538 | D:12     | Bought a potion of magic for 128 gold pieces
 26538 | D:12     | Bought a potion of heal wounds for 80 gold pieces
 26538 | D:12     | Bought a potion of curing for 48 gold pieces
 26687 | Orc:1    | Entered Level 1 of the Orcish Mines
 26952 | Orc:1    | Reached skill level 10 in Spellcasting
 27238 | Orc:1    | Noticed an ettin
 27245 | Orc:1    | Killed an ettin
 27289 | Orc:1    | Found a bloodstained altar of Trog.
 27479 | Orc:2    | Entered Level 2 of the Orcish Mines
 27574 | Orc:2    | Found a staircase to the Elven Halls.
 27727 | Orc:2    | Noticed an orc warlord
 27862 | Orc:2    | Reached ****** piety under Vehumet
 27862 | Orc:2    | Offered knowledge of Orb of Destruction by Vehumet.
 28024 | Orc:2    | Learned a level 7 spell: Orb of Destruction
 28059 | Orc:2    | Noticed Donald
 28082 | Orc:2    | Killed Donald
 28399 | Orc:2    | Killed an orc warlord
 28514 | Orc:2    | Identified the +1 chain mail of Tartarus {rF+ rC+}
 28515 | Orc:2    | Noticed an orc warlord
 28524 | Orc:2    | Killed an orc warlord
 28525 | Orc:2    | Reached XP level 14. HP: 58/69 MP: 2/29
 29053 | Orc:2    | Noticed an orc warlord
 29068 | Orc:2    | Killed an orc warlord
 29109 | Orc:2    | Reached skill level 10 in Conjurations
 29758 | Orc:2    | Found Iptuax's Antique Armour Emporium.
 29759 | Orc:2    | Found Uwir's Antique Weapon Shoppe.
 29761 | Orc:2    | Found Qatid's General Store.
 29761 | Orc:2    | Found Acol's Jewellery Emporium.
 30241 | D:3      | Bought 2 scrolls of acquirement for 1040 gold pieces
 30241 | D:3      | Acquired a ring of wizardry
 30243 | D:3      | Acquired Zavygg's Vellum of the Throng
 30669 | Snake:1  | Entered Level 1 of the Snake Pit
 31100 | Snake:1  | Offered knowledge of Fireball by Vehumet.
 32521 | Snake:2  | Noticed Louise
 32554 | Snake:2  | Killed Louise
 33003 | Snake:2  | Reached XP level 15. HP: 67/72 MP: 9/30
 35017 | Snake:3  | Found Jahob's Magic Scroll Shop.
 35026 | Snake:3  | Bought a scroll of revelation for 120 gold pieces
 35147 | Snake:3  | Identified the +4 leather armour "Hameuplu" {-Tele MP+9
                  | Int+6}
 36202 | Snake:4  | Entered Level 4 of the Snake Pit
 36208 | Snake:4  | Offered knowledge of Starburst by Vehumet.
 36354 | Snake:4  | Noticed a nagaraja
 36354 | Snake:4  | Noticed a nagaraja
 36389 | Snake:4  | Found Katish's Self-Improvement Boutique.
 36408 | Snake:4  | Reached skill level 15 in Conjurations
 37252 | Snake:4  | Noticed Kirke
 37256 | Snake:4  | Killed Kirke
 38012 | Snake:4  | Found a snail-covered altar of Cheibriados.
 38261 | Snake:4  | Noticed a nagaraja
 38264 | Snake:4  | Noticed a nagaraja
 38270 | Snake:4  | Killed a nagaraja
 38328 | Snake:4  | Killed from afar by a nagaraja
 38329 | Snake:4  | Reached XP level 14. HP: 0/69 MP: 2/29
 38379 | Snake:4  | Noticed a nagaraja
 38385 | Snake:4  | Killed a nagaraja
 38505 | Snake:4  | Killed a nagaraja
 38635 | Snake:4  | Reached XP level 15. HP: 68/72 MP: 13/30
 39052 | Snake:4  | Noticed a nagaraja
 39342 | Snake:4  | Noticed a nagaraja
 39349 | Snake:4  | Killed a nagaraja
 39703 | Snake:4  | Killed a nagaraja
 40064 | Snake:4  | Killed from afar by a nagaraja
 40065 | Snake:4  | Reached XP level 14. HP: -3/69 MP: 22/30
 41357 | Snake:4  | Killed a nagaraja
 41358 | Snake:4  | Reached skill level 16 in Dodging
 41448 | Snake:4  | Killed a nagaraja
 42210 | Snake:4  | Reached skill level 17 in Dodging
 42408 | Snake:4  | Noticed a nagaraja
 42428 | Snake:4  | Killed a nagaraja
 42429 | Snake:4  | Reached XP level 15. HP: 72/72 MP: 20/32
 42494 | Snake:4  | Got a serpentine rune of Zot
 43206 | Elf:1    | Entered Level 1 of the Elven Halls
 44355 | Shoals:1 | Entered Level 1 of the Shoals
 44355 | Shoals:1 | Noticed Josephine
 44360 | Shoals:1 | Killed Josephine
 44612 | Shoals:1 | Offered knowledge of Ozocubu's Refrigeration by Vehumet.
 46043 | Shoals:1 | Noticed Mlioglotl
 46048 | Shoals:1 | Killed Mlioglotl
 46288 | Shoals:1 | Noticed Nikola
 47235 | Shoals:2 | Reached skill level 15 in Fighting
 47565 | Shoals:2 | Found a transporter.
 47568 | Shoals:2 | Noticed Onluw's ghost (adept DsWn)
 47667 | Shoals:2 | Reached skill level 5 in Stealth
 47729 | Shoals:2 | Found a transporter.
 47739 | Shoals:2 | Found a bloodstained altar of Trog.
 47741 | Shoals:2 | Found the +3 pair of gauntlets of War {Slay+5}
 48554 | Shoals:2 | Offered knowledge of Lehudib's Crystal Spear by Vehumet.
 48623 | Shoals:2 | Learned a level 8 spell: Lehudib's Crystal Spear
 48762 | Shoals:3 | Reached XP level 16. HP: 81/81 MP: 12/33
 48954 | Shoals:3 | Got Sif Muna's Cyclopedia of Topography
 49092 | Shoals:3 | Found the macabre finger necklace {Finger+ rN+}
 49167 | Shoals:3 | Reached skill level 1 in Earth Magic
 49908 | Shoals:3 | Learned a level 6 spell: Statue Form
 50317 | Shoals:3 | Found an opulent altar of Gozag.
 50820 | Shoals:4 | Entered Level 4 of the Shoals
 50820 | Shoals:4 | Noticed Aizul
 50968 | Shoals:3 | Killed Aizul
 51783 | Shoals:4 | Reached skill level 5 in Earth Magic
 52581 | Shoals:4 | Identified the amulet "Xohabuam" {rF+ Regen+}
 53321 | Shoals:4 | Shot with an arrow by a satyr
 53322 | Shoals:4 | Reached XP level 15. HP: 0/77 MP: 5/32
 53734 | Shoals:4 | Got a barnacled rune of Zot
 54340 | D:8      | Killed Erica
 54736 | D:13     | Found the +10 tower shield of Ignorance {rN+ Int-4}
 55173 | D:13     | Reached XP level 16. HP: 81/81 MP: 22/33
 55993 | D:14     | Found a gate to the Vaults.
 56211 | D:14     | Reached skill level 10 in Transmutations
 56571 | D:15     | Entered Level 15 of the Dungeon
 57405 | D:15     | Noticed Agnes
 57408 | D:15     | Killed Agnes
 57577 | D:15     | Noticed Nessos
 57585 | D:15     | Killed Nessos
 57712 | D:15     | Found a staircase to the Depths.
 58179 | Vaults:1 | Entered Level 1 of the Vaults
 58402 | D:14     | Reached skill level 10 in Earth Magic
 59878 | Vaults:1 | Reached skill level 10 in Unarmed Combat
 60476 | Vaults:2 | Reached XP level 17. HP: 85/85 MP: 16/34
 60746 | Vaults:2 | Noticed Saint Roka
 61141 | Vaults:2 | Offered knowledge of Fire Storm by Vehumet.
 61141 | Vaults:2 | Offered knowledge of Ignition by Vehumet.
 61141 | Vaults:2 | Offered knowledge of Maxwell's Capacitive Coupling by
                  | Vehumet.
 62450 | Vaults:2 | Killed Saint Roka
 63188 | Vaults:2 | Found a staircase to the Crypt.
 64281 | Vaults:3 | Reached XP level 18. HP: 89/89 MP: 37/37
 65061 | Snake:4  | Bought a manual of Translocations for 1520 gold pieces
 66113 | Vaults:4 | Identified the +7 hand axe of Mana {spect, rC+ Str+2 Int+5}
 66673 | Vaults:4 | HP: 4/119 [vault warden/+0 long sword (45)]
 67082 | Vaults:4 | Reached skill level 15 in Spellcasting
 67460 | Vaults:4 | Reached skill level 18 in Dodging
 68402 | Crypt:1  | Entered Level 1 of the Crypt
 68432 | Crypt:1  | Learned a level 7 spell: Spellforged Servitor
 68447 | Crypt:1  | Reached skill level 1 in Summonings
 68630 | Crypt:1  | Reached XP level 19. HP: 96/96 MP: 15/39
 68656 | Crypt:1  | Noticed Sojobo
 68885 | Crypt:1  | Killed Sojobo
 69720 | Crypt:1  | Reached skill level 5 in Summonings
 70915 | Crypt:2  | Noticed Bai Suzhen
 70927 | Crypt:2  | Killed Bai Suzhen
 71720 | Crypt:3  | Entered Level 3 of the Crypt
 72588 | Crypt:3  | Acquired the Codex of the Snowy Geodesic
 72698 | Crypt:3  | Found a staircase to the Tomb.
 73214 | Crypt:3  | Noticed a bone dragon
 73219 | Crypt:3  | Noticed a bone dragon
 73314 | Crypt:3  | Killed a bone dragon
 73315 | Crypt:3  | Reached XP level 20. HP: 102/102 MP: 18/40
 73373 | Crypt:3  | Killed a bone dragon
 73462 | Crypt:3  | Found a basalt altar of Yredelemnul.
 73494 | Crypt:3  | Found an ancient bone altar of Kikubaaqudgha.
 73556 | Crypt:3  | Got Borgnjor's Catalogue of Death
 73557 | Crypt:3  | Identified the ring of Uskayaw's Envy {Fly rN+ MP+9 Str-5}
 73557 | Crypt:3  | Identified the ring "Salianut" {rN+ Str+5}
 73561 | Crypt:3  | Identified the ring of the Princeling {Wiz rC+}
 73849 | Depths:1 | Entered Level 1 of the Depths
 73866 | Depths:1 | Found a corrupted altar of Lugonu.
 73866 | Depths:1 | Found a one-way gate to the infinite horrors of the Abyss.
 73946 | Depths:1 | Found a one-way gate leading to the halls of Pandemonium.
 73977 | Depths:1 | Found a magical portal.
 74016 | WizLab   | Entered Zonguldrok's Shrine
 74253 | WizLab   | Noticed an antique lich
 74256 | WizLab   | Killed an antique lich
 74259 | WizLab   | Found the +9 sword of Zonguldrok {reap}
 74479 | Depths:1 | Found a gateway to Hell.
 74659 | Depths:1 | Noticed a bone dragon
 74683 | Depths:1 | Killed a bone dragon
 74803 | Depths:1 | Reached skill level 10 in Evocations
 75143 | Depths:1 | Found Enku's Book Shoppe.
 75144 | Depths:1 | Found Samekiw's Jewellery Boutique.
 75144 | Depths:1 | Found Boasue Zeyz's Jewellery Boutique.
 75919 | Depths:2 | Noticed a golden dragon
 75920 | Depths:2 | Noticed a caustic shrike
 76511 | Depths:2 | Found Axac Zaru's Jewellery Shop.
 76519 | Depths:2 | Found a portal to a secret trove of treasure.
 76704 | Depths:2 | Identified the +1 long sword "Caaquc" {protect, Int+3}
 76809 | Depths:2 | Killed a golden dragon
 76958 | Depths:2 | Noticed a golden dragon
 76963 | Depths:2 | Killed a golden dragon
 76965 | Depths:2 | Killed a caustic shrike
 76966 | Depths:2 | Reached XP level 21. HP: 106/106 MP: 4/42
 77768 | Depths:2 | Reached skill level 15 in Earth Magic
 78594 | Depths:3 | Found Jeerch's Armour Shop.
 78602 | Depths:3 | Found a snail-covered altar of Cheibriados.
 78891 | Depths:3 | Found a one-way gateway to a ziggurat.
 78977 | Depths:3 | Found a corrupted altar of Lugonu.
 79249 | Depths:3 | Reached skill level 19 in Dodging
 79895 | Depths:3 | Reached skill level 20 in Dodging
 80025 | Depths:3 | Found an ancient bone altar of Kikubaaqudgha.
 80035 | Depths:3 | Found a shimmering altar of Xom.
 80035 | Depths:3 | Found a sparkling altar of Nemelex Xobeh.
 80136 | Depths:3 | Noticed a juggernaut
 80140 | Depths:3 | Killed a juggernaut
 80906 | Depths:3 | Got the Atlas of Spelunking and Exhalation
 80909 | Depths:3 | Got Cevuu's Folio of the Red Scorpion
 81023 | Depths:4 | Entered Level 4 of the Depths
 81023 | Depths:4 | Noticed a juggernaut
 81026 | Depths:4 | Killed a juggernaut
 81109 | Depths:4 | Found Liplim's Armour Boutique.
 81418 | Depths:4 | Reached XP level 22. HP: 112/112 MP: 40/43
 81861 | Depths:4 | Found a gate to the Realm of Zot.
 81953 | Depths:4 | Noticed Grunn
 81961 | Depths:4 | Killed Grunn
 83582 | Depths:1 | Bought the ring "Esekh" {rN+ rCorr Str+3} for 466 gold
                  | pieces
 83914 | Slime:1  | Entered Level 1 of the Pits of Slime
 83986 | Slime:3  | Gained mutation: You occasionally lose the ability to read
                  | scrolls when taking damage. [a shining eye]
 84057 | Slime:4  | Reached skill level 21 in Dodging
 84215 | Slime:5  | Entered Level 5 of the Pits of Slime
 84537 | Slime:5  | Reached skill level 22 in Dodging
 84550 | Slime:5  | Noticed the Royal Jelly
 84560 | Slime:5  | Killed the Royal Jelly
 84977 | Slime:5  | Found the +4 consecrated labrys {holy, Valiant Fragile Fly
                  | SInv}
 85001 | Slime:5  | Identified the +9 morningstar of Incongruity {antimagic,
                  | +Blink rF+ Will++ Str-5}
 85020 | Slime:5  | Got a slimy rune of Zot
 85871 | Depths:2 | You showed the slimy rune of Zot to enter a treasure trove
 85872 | Trove    | Entered a treasure trove
 85874 | Trove    | Identified the amulet "Fuwaniar" {Acrobat -Cast Fly rCorr
                  | Dex-5}
 85877 | Trove    | Identified the +2 hat of the Desert {Will- Str+5 Dex+2}
 85878 | Trove    | Identified the +2 hat of Marbles {Str+3 Int+3 Dex+4 Stlth+}
 85879 | Trove    | Identified the +1 hat "Nesha Wawith" {rF+ Str-5 SInv}
 85881 | Trove    | Identified the amulet "Liarofeu" {Acrobat Str+3}
 85883 | Trove    | Identified the +1 kite shield of Failure {rElec}
 85890 | Trove    | Identified the ring "Neogog" {Fire Stlth+}
 85903 | Trove    | Identified the ring of Yluar {Wiz rF- rCorr Str+3}
 85915 | Trove    | Identified the ring of Psychosis {rC+ Str+6 Dex+2}
 85928 | Trove    | Identified the ring of Omuss {rPois rF+ Will+ rCorr Int-2}
 85941 | Trove    | Identified the ring "Ditaufebb" {rCorr Int+4}
 85959 | Trove    | Identified the ring "Zucaoll" {rF+ rC+ Str-3 Int+2}
 85967 | Trove    | Identified the +7 tower shield of the Carpenter {rF+ Regen+
                  | Dex-3}
 85998 | Depths:2 | Lost mutation: You occasionally lose the ability to read
                  | scrolls when taking damage. [potion of mutation]
 85998 | Depths:2 | Gained mutation: You have a pair of small horns on your
                  | head. [potion of mutation]
 85998 | Depths:2 | Gained mutation: Your spells are a little harder to cast,
                  | but a little more powerful. [potion of mutation]
 85998 | Depths:2 | Gained mutation: You are partially covered in iridescent
                  | scales. (AC +2) [potion of mutation]
 86098 | Zot:1    | Entered Level 1 of the Realm of Zot
 86192 | Zot:1    | Noticed a golden dragon
 86195 | Zot:1    | Killed a golden dragon
 86619 | Zot:1    | Noticed an orb of fire
 86626 | Zot:1    | Killed an orb of fire
 86775 | Zot:3    | Reached XP level 23. HP: 120/120 MP: 24/44
 87104 | Zot:3    | Noticed a shard shrike
 87110 | Zot:3    | Killed a shard shrike
 87477 | Zot:3    | Reached skill level 15 in Unarmed Combat
 87682 | Zot:5    | Entered Level 5 of the Realm of Zot
 88170 | Zot:4    | HP: 2/156 [Orb Guardian (18)]
 89147 | Zot:5    | Noticed a Killer Klown
 89152 | Zot:5    | Killed a Killer Klown
 89154 | Zot:5    | Noticed an orb of fire
 89156 | Zot:5    | Killed an orb of fire
 89297 | Zot:5    | Noticed a Killer Klown
 89337 | Zot:5    | Noticed a Killer Klown
 89342 | Zot:5    | Killed a Killer Klown
 89352 | Zot:5    | Noticed a Killer Klown
 89357 | Zot:5    | Killed a Killer Klown
 89492 | Zot:5    | Noticed an orb of fire
 89496 | Zot:5    | Gained mutation: You are vulnerable to heat. (rF-) [an orb
                  | of fire]
 89496 | Zot:5    | Killed an orb of fire
 89497 | Zot:5    | Lost mutation: Your spells are a little harder to cast, but
                  | a little more powerful. [potion of mutation]
 89497 | Zot:5    | Lost mutation: You are partially covered in iridescent
                  | scales. (AC +2) [potion of mutation]
 89497 | Zot:5    | Lost mutation: You have a pair of small horns on your head.
                  | [potion of mutation]
 89497 | Zot:5    | Gained mutation: Your body sometimes deteriorates upon
                  | taking damage. [potion of mutation]
 89497 | Zot:5    | Gained mutation: You are robust. (+10% HP) [potion of
                  | mutation]
 89498 | Zot:5    | Lost mutation: You are robust. (+10% HP) [potion of
                  | mutation]
 89498 | Zot:5    | Lost mutation: Your body sometimes deteriorates upon taking
                  | damage. [potion of mutation]
 89498 | Zot:5    | Gained mutation: Your flesh is cold resistant. (rC+)
                  | [potion of mutation]
 89499 | Zot:5    | Lost mutation: You are vulnerable to heat. (rF-) [potion of
                  | mutation]
 89499 | Zot:5    | Lost mutation: Your flesh is cold resistant. (rC+) [potion
                  | of mutation]
 89499 | Zot:5    | Gained mutation: Your flesh is cold resistant. (rC+)
                  | [potion of mutation]
 89499 | Zot:5    | Gained mutation: You have a pair of small horns on your
                  | head. [potion of mutation]
 89499 | Zot:5    | Gained mutation: You occasionally shout uncontrollably at
                  | your foes. [potion of mutation]
 89499 | Zot:5    | Gained mutation: You possess an exceptional clarity of
                  | mind. [potion of mutation]
 89600 | Zot:5    | Noticed a Killer Klown
 89602 | Zot:5    | Killed a Killer Klown
 89620 | Zot:5    | Killed a Killer Klown
 89788 | Zot:5    | Noticed a Killer Klown
 89799 | Zot:5    | Killed a Killer Klown
 89854 | Zot:5    | Noticed a Killer Klown
 89861 | Zot:5    | Killed a Killer Klown
 89898 | Zot:5    | Noticed a Killer Klown
 89905 | Zot:5    | Killed a Killer Klown
 89906 | Zot:5    | Reached XP level 24. HP: 126/126 MP: 27/44
 89991 | Zot:5    | Noticed an orb of fire
 89998 | Zot:5    | Killed an orb of fire
 90154 | Zot:5    | Noticed a dread lich
 90167 | Zot:5    | Killed a dread lich
 90508 | Zot:5    | Noticed a dread lich
 90516 | Zot:5    | Killed a dread lich
 90517 | Zot:5    | Reached skill level 23 in Dodging
 90634 | Zot:5    | Learned a level 1 spell: Apportation
 90681 | Zot:5    | Noticed a Killer Klown
 90727 | Zot:5    | Killed a Killer Klown
 90868 | Zot:5    | Got the Orb of Zot
 91539 | D:3      | Reached skill level 24 in Dodging
 91540 | D:3      | Noticed Siuniar the pandemonium lord
 91615 | D:$      | Escaped with the Orb!

Illustrated notes

Levels and vault maps discovered:
D:1:      enne_arrival_octagon_isle, layout_basic, eino_curves_03,
          minmay_tiny_reverse_x
D:2:      layout_basic, serial_shops, shop, shop, nicolae_shop_rolling_square,
          hellmonk_ecumenical_altar_defaced_shrine
D:3:      layout_basic, gammafunk_temple_overflow_forgotten, serial_shops,
          nicolae_shop_crystal
D:4:      layout_layer_cave, gup_ossuary_entry_pyramid, gup_sewer_entry_glass
D:5:      cheibrodos_helix_gallery, layout_cave_pods
D:6:      layout_loops_ring, minmay_temple_entry_arrows, minivault_25
D:7:      layout_basic, enter_bailey_2
D:8:      layout_loops_corners, nicolae_qazlal_scattered_showers,
          hellmonk_bongcloud_opening, minmay_chambers_of_fives, uniq_erica
D:9:      layout_loops_ring
D:10:     layout_rooms, erik_lair_dragon
D:11:     layout_layer_cave
D:12:     layout_basic, david_orc_5, portal_ice_cave_entry_pillars_1,
          serial_shops, shop, nicolae_uskayaw_dance_hall, uniq_azrael
D:13:     layout_long_grid
D:14:     layout_long_grid, erik_vaults_2, wad_floor_pattern_untrapped
D:15:     hangedman_depths_entry_civil_slaughter, layout_basic,
          serial_bayou_pond_b, uniq_nessos, uniq_agnes
Lair:1:   gammafunk_lair_enchanted_lake, layout_regular_city,
          grunt_forest_large_clearings, serial_bayou_shore_a,
          serial_bayou_shore_b
Lair:2:   layout_concentric_octagons, nicolae_shoals_entry_flooding, st_stairs_5
Lair:3:   layout_roguey, minmay_snake_entry_six_corridors, hangedman_tree_tricks
Lair:4:   layout_regular_city, dpeg_slime_entry_corner, minivault_25,
          minivault_24, grunt_megastairs_4
Lair:5:   grunt_lair_end_beastmaster, layout_hall_layers, grunt_megastairs_2,
          serial_bayou_shore_b
Shoals:1: layout_shoals, uniq_josephine, uniq_nikola, uniq_mlioglotl
Shoals:2: layout_shoals, gammafunk_ghost_wrathful_warriors,
          nicolae_shoals_arrival_archipelago
Shoals:3: layout_shoals, lemuel_oklob_altar
Shoals:4: shoals_end_grunt_garden, layout_shoals, uniq_aizul
Snake:1:  nicolae_snake_unarmed_stairs_patrol, layout_misc_corridors,
          serial_bayou_shore_b
Snake:2:  layout_onion, serial_bayou_lagoon_a, grunt_ministairs_6,
          nrook_guardian_serpent_ordinary, uniq_louise
Snake:3:  layout_misc_corridors, serial_shops, nicolae_shop_getting_attention,
          nicolae_integral_box
Snake:4:  grunt_snake_rune_spirals, layout_onion, basic_altar,
          nicolae_shop_self_help, uniq_kirke
Slime:1:  layout_caves
Slime:2:  layout_caves
Slime:3:  cheibrodos_slime_lost_civilization_10, layout_caves
Slime:4:  layout_caves
Slime:5:  slime_pit_nicolae_royal_road_to_ruin
Orc:1:    layout_caves, trog_butcher_becter
Orc:2:    st_orc_congregation, layout_diamond_mine,
          nicolae_volcano_entry_two_sided, elf_legates, uniq_donald
Elf:1:    eino_elf_arrival_customs, layout_gridlike, minmay_elf_annihilation,
          grunt_ministairs_3
Vaults:1: nicolae_vaults_closet_pinwheel_1, nicolae_vaults_surprise_closet,
          ontoclasm_vaults_decontamination, vaults_room_corners,
          nicolae_vaults_stepped_doors, nicolae_vaults_alarming,
          nicolae_vaults_ring_of_whatevers, vaults_mumra_hexcomb,
          nicolae_vaults_shelves_hall, layout_vaults_omnigrid
Vaults:2: ontoclasm_vaults_ring_large, nicolae_vaults_little_ls,
          nicolae_vaults_diamond_2, nicolae_vaults_closet_pinwheel_6,
          nicolae_vaults_surprise_closet, grunt_vaults_funnel,
          dpeg_vaults_monster_row, nicolae_vaults_theta,
          nicolae_vaults_tangram_2, minmay_crypt_entry_simple_statues,
          vaults_room_door_hall, nicolae_vaults_trapezoid_3,
          ontoclasm_vaults_shuriken, nicolae_vaults_three_branches,
          layout_vaults_big_cross, serial_glass, uniq_saint_roka
Vaults:3: v_misc_13, grunt_vaults_diagonal, vaults_dpeg_cross,
          nicolae_vaults_trapezoid_lopsided_4, hangedman_vaults_capsules,
          v_misc_17, v_misc_9, layout_vaults_big_room
Vaults:4: nicolae_vaults_big_ls, ontoclasm_vaults_fault, hangedman_vaults_nodes,
          dpeg_vaults_monster_box, v_misc_23, nicolae_vaults_closet_pinwheel_2,
          nicolae_vaults_closet_pinwheel_1, st_spiral_rooms,
          nicolae_vaults_tetromino_L_2, v_misc_11,
          nicolae_vaults_variable_pillar_hall, layout_vaults_omnibox
Crypt:1:  layout_regular_city, uniq_sojobo
Crypt:2:  layout_misc_corridors, lemuel_dead_fish_pool, nicolae_letterblocks
          [nicolae_letter_subblock, nicolae_letter_subblock,
          nicolae_letter_subblock, nicolae_letter_subblock,
          nicolae_letter_subblock, nicolae_letter_subblock,
          nicolae_letter_subblock, nicolae_letter_subblock,
          nicolae_letter_subblock, nicolae_letter_subblock,
          nicolae_letter_subblock, nicolae_letter_subblock,
          nicolae_letter_subblock, nicolae_letter_subblock,
          nicolae_letter_subblock, nicolae_letter_subblock,
          nicolae_letter_subblock, nicolae_letter_subblock,
          nicolae_letter_subblock, nicolae_letter_subblock,
          nicolae_letter_subblock, nicolae_letter_subblock,
          nicolae_letter_subblock, nicolae_letter_subblock,
          nicolae_letter_subblock], uniq_bai_suzhen
Crypt:3:  lightli_unholy_cathedral, layout_chaotic_city,
          tomb_entry_simple_bobbens, nicolae_fountain_basement
Depths:1: layout_small_grid, grunt_mini_vestibule,
          infiniplex_enter_wizlab_glasses, abyss_entry, minmay_crystal_room,
          rand_demon_pan_entry_3, amcnicky_altar_lugonu_corruption,
          minmay_shop_grove
Depths:2: nicolae_herringbone, layout_basic, abyss_entry, serial_shops,
          nicolae_square_shop, hangedman_abyss_or_decor_passed, hell_entry,
          grunt_pan_entry_zigzag, enter_trove_3
Depths:3: minmay_the_grid_octo_tiled_octocenter [minmay_the_grid_octo_teeth,
          minmay_the_grid_octo_vomiting_pacman, minmay_the_grid_octo_checkered,
          minmay_the_grid_octo_thin_diamonds, minmay_the_grid_octo_prize_star,
          minmay_the_grid_square_5x5_plus, minmay_the_grid_square_5x5_hourglass,
          minmay_the_grid_square_5x5_lines,
          minmay_the_grid_square_5x5_pentomino_r], layout_honeycomb,
          enter_ziggurat_a, serial_shops, shop, minmay_misc_feat_more_columns,
          hell_entry, abyss_entry_flame_altar, slow_altar_1,
          infiniplex_staircase_river
Depths:4: grunt_zot_entry_gee_three, layout_gridlike, abyss_entry_crystal,
          serial_shops, nicolae_shop_pleasant_corner_grove,
          pf_dread_powers_of_hell, uniq_grunn
Zot:1:    layout_cathedral_of_symmetry, nicolae_lava_and_water,
          skrybe_zot_glass_1, grunt_megastairs_3
Zot:2:    layout_basic
Zot:3:    nicolae_zot_draconian_monastery, layout_gridlike, hangedman_zot_gyre,
          hangedman_zot_spectrum
Zot:4:    layout_cathedral_of_symmetry
Zot:5:    layout_twisted_circle

Skill      XL: |  1  2  3  4  5  6  7  8  9 10 11 12 13 14 15 16 17 18 19 20 21 22 23 24 |
---------------+-------------------------------------------------------------------------+-----
Stealth        | 2 3 7 |  7.0
Translocations | 2 3 4 7 |  7.0
Fighting       | 4 6 9 10 12 15 17 18 19 21 22 | 22.0
Dodging        | 3 4 7 10 12 15 17 18 20 22 24 | 24.1
Ice Magic      | 3 4 5 7 |  7.0
Conjurations   | 3 4 5 6 7 8 9 13 16 18 | 18.0
Spellcasting   | 3 5 6 7 10 12 11 14 15 16 | 16.0
Unarmed Combat | 4 5 6 8 10 12 13 15 | 15.0
Evocations     | 3 5 8 12 | 12.0
Transmutations | 7 11 | 11.0
Air Magic      | 5 |  5.0
Earth Magic    | 8 10 12 14 16 | 16.0
Summonings     | 1 5 |  5.0

Action                     |  1- 3 |  4- 6 |  7- 9 | 10-12 | 13-15 | 16-18 | 19-21 | 22-24 || total
---------------------------+-------+-------+-------+-------+-------+-------+-------+-------++-------
  Melee: Unarmed           |    61 |    73 |   252 |   326 |   409 |   447 |   481 |   236 ||  2285
         Bite              |     6 |     8 |    32 |    57 |    58 |    94 |   110 |    48 ||   413
         Punch             |       |     1 |    12 |    20 |    27 |    51 |    67 |    40 ||   218
         Headbutt          |       |       |       |     1 |     1 |     1 |       |    52 ||    55
   Cast: Momentum Strike   |    31 |    42 |    65 |    54 |    25 |       |       |       ||   217
         Kiss of Death     |       |     1 |     1 |       |       |       |       |       ||     2
         Hailstorm         |       |       |    80 |   131 |    35 |       |       |       ||   246
         Frozen Ramparts   |       |       |     8 |    65 |    68 |    12 |     1 |       ||   154
         Freeze            |       |       |     1 |     1 |       |       |       |       ||     2
         Iskenderun's Myst |       |       |       |    21 |     1 |       |       |       ||    22
         Irradiate         |       |       |       |    21 |    91 |    58 |    19 |    12 ||   201
         Beastly Appendage |       |       |       |     1 |     3 |     2 |       |       ||     6
         Freezing Cloud    |       |       |       |       |   330 |   176 |    38 |    48 ||   592
         Orb of Destructio |       |       |       |       |   309 |   215 |    33 |     5 ||   562
         Blink             |       |       |       |       |     2 |       |     1 |       ||     3
         Statue Form       |       |       |       |       |    13 |   202 |   154 |    97 ||   466
         Lehudib's Crystal |       |       |       |       |       |     1 |   127 |   132 ||   260
         Spellforged Servi |       |       |       |       |       |       |   116 |    99 ||   215
         Apportation       |       |       |       |       |       |       |       |     2 ||     2
Ability: End Transformatio |       |       |       |       |       |     6 |     5 |     5 ||    16
  Evoke: Wand              |       |       |     4 |    10 |     2 |     5 |       |    19 ||    40
         Piece from Xom's  |       |       |       |       |    11 |       |       |       ||    11
         Box of beasts     |       |       |       |       |     1 |     1 |       |     1 ||     3
         Lightning rod     |       |       |       |       |       |     2 |       |       ||     2
         Tin of tremorston |       |       |       |       |       |     1 |     2 |     3 ||     6
    Use: Scroll            |     6 |       |    18 |     2 |    15 |     7 |     4 |    15 ||    67
         Potion            |       |       |     1 |     1 |     5 |     5 |     2 |    11 ||    25
   Stab: Sleeping          |     5 |       |       |     1 |       |    13 |     1 |     2 ||    22
         Petrified         |       |       |       |       |     6 |       |       |       ||     6
         Distracted        |       |       |       |       |       |       |    18 |    16 ||    34
         Invisible         |       |       |       |       |       |       |       |     3 ||     3
 Armour: Skin              |     7 |    23 |    43 |    53 |    78 |   162 |   214 |   124 ||   704
  Dodge: Dodged            |    39 |    53 |   183 |   300 |   546 |   956 |  1062 |   798 ||  3937
  Block: Other             |     4 |    15 |    46 |    78 |   127 |    21 |       |       ||   291
         Reflection        |       |       |     1 |     2 |    16 |     8 |       |       ||    27

Table legend: (Time is in decaauts)
 A = Elapsed time spent in this place.
 B = Non-inter-level travel time spent in this place.
 C = Inter-level travel time spent in this place.
 D = Time resting spent in this place.
 E = Time spent auto-exploring this place.
 F = Levels seen in this place.
 G = Mean time per level.
                   A        B        C        D        E       F      G
               +--------+--------+--------+--------+--------+-----+--------+
         Total |  96999 |  90631 |   6368 |  46190 |  22337 |  55 | 1763.6 |
       Dungeon |  21192 |  18207 |   2985 |   6930 |   7500 |  15 | 1412.8 |
          Lair |  10456 |   9195 |   1261 |   4712 |   2500 |   5 | 2091.2 |
        Shoals |   9110 |   8943 |    167 |   6003 |   1631 |   4 | 2277.5 |
     Snake Pit |  11677 |  11347 |    330 |   7696 |   1964 |   4 | 2919.2 |
    Slime Pits |   2062 |   2027 |     35 |   1198 |      0 |   5 |  412.4 |
  Orcish Mines |   3040 |   2923 |    117 |   1694 |    648 |   2 | 1520.0 |
   Elven Halls |    853 |    830 |     23 |    505 |    196 |   1 |  853.0 |
        Vaults |  12738 |  12191 |    547 |   5648 |   2862 |   4 | 3184.5 |
         Crypt |   6271 |   6036 |    235 |   2665 |   1552 |   3 | 2090.3 |
        Depths |  11745 |  11201 |    544 |   5140 |   3207 |   4 | 2936.2 |
           Zot |   6596 |   6476 |    120 |   3558 |    273 |   5 | 1319.2 |
         Trove |    103 |    103 |      0 |      0 |      0 |   1 |  103.0 |
       Ossuary |    681 |    681 |      0 |    417 |      0 |   1 |  681.0 |
        Wizlab |    468 |    468 |      0 |     20 |      0 |   1 |  468.0 |
               +--------+--------+--------+--------+--------+-----+--------+

Top non-repeatable levels by time:
 Snake:4: 5717 daAuts
Vaults:2: 4315 daAuts
Depths:2: 3663 daAuts
   Zot:5: 3617 daAuts
Depths:3: 3428 daAuts
Vaults:4: 3171 daAuts
Shoals:3: 3138 daAuts
Vaults:1: 2806 daAuts
  Lair:2: 2741 daAuts
    D:10: 2737 daAuts
 Snake:2: 2635 daAuts
Depths:4: 2472 daAuts
Vaults:3: 2446 daAuts
Shoals:1: 2372 daAuts
    D:15: 2348 daAuts
